[Event "ICC tourney 2257 (45 10)"]
[Site "Internet Chess Club"]
[Date "2020.12.30"]
[Round "3"]
[White "Davide25"]
[Black "fromdaus214"]
[Result "1-0"]
[ICCResult "Black checkmated"]
[WhiteElo "1390"]
[BlackElo "1464"]
[Opening "QGD: Neo-orthodox variation, 7.Bh4"]
[ECO "D56"]
[NIC "QO.13"]
[Time "16:01:57"]
[PlyCount "175"]
[TimeControl "2700+10"]

1. d4 d5 2. c4 e6 3. Nc3 Nf6 4. Bg5 Be7 5. e3 O-O 6. Nf3 h6 7. Bh4 Nbd7 8.
Bd3 c5 9. cxd5 exd5 10. dxc5 Nxc5 11. Be2 Bf5 12. O-O Rc8 13. Rc1 Bg6 14.
Nd4 Ne6 15. Bf3 Nxd4 16. Qxd4 Rc4 17. Qd2 Rxh4 18. Nxd5 Nxd5 19. Qxd5 Qxd5
20. Bxd5 b6 21. b3 Bd6 22. g3 Rh5 23. Rfd1 Rd8 24. b4 Kf8 25. Bf3 Rf5 26.
Be4 Rf6 27. Bxg6 Rxg6 28. Rc4 Ke7 29. Kf1 Rg5 30. f4 Rg6 31. f5 Rf6 32. Rd5
Rd7 33. Re4+ Kd8 34. Red4 Kc7 35. e4 Re7 36. Rc4+ Kd7 37. Kg2 Re8 38. g4 g6
39. a4 gxf5 40. gxf5 a6 41. b5 axb5 42. axb5 h5 43. Rc6 Rxe4 44. Rxb6 Rg4+
45. Kh3 Rf4 46. Ra6 R4xf5 47. Raxd6+ Rxd6 48. Rxf5 Rd3+ 49. Kg2 Rb3 50.
Rxh5 Ke7 51. Rg5 f6 52. Rh5 Ke6 53. h4 f5 54. Rh6+ Ke5 55. b6 Rb2+ 56. Kf3
Rb3+ 57. Ke2 Rb2+ 58. Kd3 Rb3+ 59. Kc2 Rb5 60. Kc3 Ke4 61. Re6+ Kd5 62. Rg6
Ke4 63. Kc4 Rb1 64. h5 Rc1+ 65. Kb5 Kd5 66. h6 Rb1+ 67. Ka6 f4 68. b7 f3
69. Rf6 Ke4 70. h7 Ke3 71. h8=Q Ke2 72. Qh2+ Ke3 73. Rxf3+ Kxf3 74. b8=Q
Rxb8 75. Qxb8 Ke4 76. Qd6 Ke3 77. Qd5 Kf4 78. Qe6 Kf3 79. Qe5 Kg4 80. Qf6
Kg3 81. Qf5 Kh4 82. Qg6 Kh3 83. Kb5 Kh2 84. Kc4 Kh3 85. Kd3 Kh4 86. Ke3 Kh3
87. Kf3 Kh2 88. Qg2# { Black checkmated } 1-0

[Event "ICC tourney 2257 (45 10)"]
[Site "Internet Chess Club"]
[Date "2020.12.30"]
[Round "3"]
[White "michaelxiao"]
[Black "DanSarnelli"]
[Result "1/2-1/2"]
[ICCResult "Game drawn by mutual agreement"]
[WhiteElo "1318"]
[BlackElo "1409"]
[Opening "Sicilian: Alapin's variation (2.c3)"]
[ECO "B22"]
[NIC "SI.46"]
[Time "16:01:58"]
[PlyCount "67"]
[TimeControl "2700+10"]

1. e4 c5 2. c3 Nc6 3. d4 cxd4 4. cxd4 d6 5. Nf3 g6 6. Bc4 Bg7 7. Bd2 Nf6 8.
Nc3 O-O 9. O-O Bg4 10. Be3 Nxe4 11. Nxe4 d5 12. Bd3 dxe4 13. Bxe4 Qb8 14.
d5 Ne5 15. Rb1 f5 16. Bc2 Nxf3+ 17. gxf3 Bh3 18. Re1 Be5 19. Bd4 Bxh2+ 20.
Kh1 Bd6 21. Bb3 f4 22. Rxe7 Rf7 23. Rxf7 Kxf7 24. Rc1 Qd8 25. Bc5 Bxc5 26.
Rxc5 Qh4 27. d6+ Kg7 28. Qd4+ Kh6 29. Kg1 Re8 30. Qd2 Bf5 31. Rc4 Qg5+ 32.
Kh1 Qh5+ 33. Kg1 Qg5+ 34. Kh1 { Game drawn by mutual agreement } 1/2-1/2

[Event "ICC tourney 2257 (45 10)"]
[Site "Internet Chess Club"]
[Date "2020.12.30"]
[Round "3"]
[White "mrerikchin"]
[Black "Neal-Li"]
[Result "0-1"]
[ICCResult "White resigns"]
[WhiteElo "1636"]
[BlackElo "1551"]
[Opening "English: Sicilian reversed"]
[ECO "A25"]
[NIC "EO.20"]
[Time "16:01:30"]
[PlyCount "70"]
[TimeControl "2700+10"]

1. c4 e5 2. Nc3 Nc6 3. g3 Bc5 4. Bg2 d6 5. e3 Nge7 6. Nge2 Bb6 7. O-O h5 8.
h4 Bg4 9. b3 f6 10. f3 Bf5 11. d4 exd4 12. exd4 d5 13. c5 Ba5 14. a3 Bxc3
15. Nxc3 O-O 16. Re1 Qd7 17. Kh2 Bg6 18. Be3 Nf5 19. Bf2 Rae8 20. Bh3 b6
21. b4 Rxe1 22. Qxe1 Re8 23. Qd2 bxc5 24. dxc5 d4 25. Rd1 Ne5 26. Qf4 Qf7
27. Bxd4 Nxd4 28. Rxd4 Qb3 29. Bd7 Re7 30. Bf5 Qxc3 31. Rd8+ Kh7 32. Bxg6+
Kxg6 33. Qe4+ f5 34. Qf4 Nxf3+ 35. Kh3 Re2 { White resigns } 0-1

[Event "ICC tourney 2257 (45 10)"]
[Site "Internet Chess Club"]
[Date "2020.12.30"]
[Round "3"]
[White "akshajp"]
[Black "Supersky"]
[Result "0-1"]
[ICCResult "White resigns"]
[WhiteElo "1403"]
[BlackElo "1312"]
[Opening "Queen's pawn: Chigorin variation"]
[ECO "D00"]
[NIC "QP.08"]
[Time "16:02:04"]
[PlyCount "79"]
[TimeControl "2700+10"]

1. d4 d5 2. Nc3 Nf6 3. Bf4 b6 4. f3 e6 5. a3 Bd6 6. Qd2 c5 7. Bxd6 Qxd6 8.
dxc5 bxc5 9. e3 O-O 10. Be2 Bb7 11. Nh3 a6 12. O-O Rd8 13. Rad1 Bc6 14. Nf2
d4 15. exd4 cxd4 16. Nce4 Nxe4 17. Nxe4 Qe5 18. Bd3 Rd5 19. Rfe1 h6 20. Bc4
Rd7 21. Qb4 Qc7 22. Nc5 a5 23. Qb3 Rd6 24. Ne4 Bxe4 25. Rxe4 Nc6 26. Qd3
Qb6 27. b3 Qc5 28. Kh1 Qxa3 29. Bb5 Qc5 30. Bxc6 Rxc6 31. Rxd4 Qxc2 32.
Qxc2 Rxc2 33. Ra1 Rb2 34. b4 a4 35. Kg1 a3 36. Rdd1 a2 37. Kf1 Rxb4 38. Kf2
Rb2+ 39. Kg3 f5 40. Kf4 { White resigns } 0-1

[Event "ICC tourney 2257 (45 10)"]
[Site "Internet Chess Club"]
[Date "2020.12.30"]
[Round "3"]
[White "lwaharte"]
[Black "smartgoldfish"]
[Result "0-1"]
[ICCResult "White checkmated"]
[WhiteElo "1473"]
[BlackElo "1181"]
[Opening "KGA: Schallop defense"]
[ECO "C34"]
[NIC "KG.02"]
[Time "16:01:30"]
[PlyCount "118"]
[TimeControl "2700+10"]

1. e4 e5 2. f4 exf4 3. Nf3 Nf6 4. Nc3 d5 5. exd5 Nxd5 6. d4 Bb4 7. Bd2 Bxc3
8. bxc3 O-O 9. Be2 Bg4 10. O-O Re8 11. h3 Bh5 12. c4 Ne3 13. Bxe3 Rxe3 14.
d5 Nd7 15. Nd4 Bxe2 16. Nxe2 f3 17. Rxf3 Rxf3 18. gxf3 Qg5+ 19. Kh2 Re8 20.
Ng3 Ne5 21. Qf1 Qf4 22. Re1 h6 23. Kg2 Rd8 24. Re4 Qf6 25. Qe2 Ng6 26. Qe3
Nh4+ 27. Kf2 Ng6 28. f4 Qb2 29. f5 Qxc2+ 30. Kf3 Qd1+ 31. Ne2 Qh1+ 32. Kg3
Qe1+ 33. Kg2 Nh4+ 34. Kh2 Nxf5 35. Qf4 Nd6 36. Re7 b6 37. Qe3 Rc8 38. Qf3
Qh4 39. Re3 Qxc4 40. Rc3 Qxa2 41. Kg3 Re8 42. Nd4 Ne4+ 43. Kg4 Nxc3 44.
Qxc3 Qxd5 45. Kg3 Qe5+ 46. Kg2 Qe4+ 47. Kg3 Qe3+ 48. Qxe3 Rxe3+ 49. Kg2 c5
50. Nf3 Rxf3 51. Kxf3 Kf8 52. Kg4 a5 53. Kh5 a4 54. h4 a3 55. Kg4 a2 56.
Kh5 a1=Q 57. Kg4 Qd4+ 58. Kh5 g6+ 59. Kxh6 Qxh4# { White checkmated } 0-1

[Event "ICC tourney 2257 (45 10)"]
[Site "Internet Chess Club"]
[Date "2020.12.30"]
[Round "3"]
[White "ChemStud24"]
[Black "ParthP2003"]
[Result "1-0"]
[ICCResult "Black resigns"]
[WhiteElo "1434"]
[BlackElo "1709"]
[Opening "Sicilian: Najdorf, Lipnitzky attack"]
[ECO "B86"]
[NIC "SI.13"]
[Time "16:01:29"]
[PlyCount "63"]
[TimeControl "2700+10"]

1. e4 c5 2. Nf3 d6 3. d4 cxd4 4. Nxd4 Nf6 5. Nc3 a6 6. Bc4 e6 7. Bb3 Be7 8.
f4 O-O 9. Qf3 Nbd7 10. Be3 Qc7 11. Bxe6 fxe6 12. Nxe6 Qc6 13. Nxf8 Bxf8 14.
g4 Nc5 15. g5 Nfxe4 16. Bd4 Nxc3 17. Qxc6 bxc6 18. Bxc3 Bb7 19. O-O-O Na4
20. Ba5 Re8 21. Rhe1 Rxe1 22. Rxe1 Kf7 23. f5 Be7 24. h4 Bc8 25. g6+ hxg6
26. fxg6+ Kf8 27. h5 Bg5+ 28. Kb1 Bf6 29. Rf1 Ke7 30. Bd8+ Ke8 31. Bxf6
gxf6 32. Rxf6 { Black resigns } 1-0

[Event "ICC tourney 2257 (45 10)"]
[Site "Internet Chess Club"]
[Date "2020.12.30"]
[Round "3"]
[White "andrewharris24"]
[Black "uhm44"]
[Result "1-0"]
[ICCResult "Black checkmated"]
[WhiteElo "1692"]
[BlackElo "1472"]
[Opening "QGD Slav: Dutch variation"]
[ECO "D18"]
[NIC "SL.04"]
[Time "16:01:31"]
[PlyCount "143"]
[TimeControl "2700+10"]

1. d4 c6 2. c4 d5 3. Nc3 Nf6 4. Nf3 dxc4 5. a4 Bf5 6. e3 e6 7. Bxc4 Nbd7 8.
O-O Bb4 9. Qb3 a5 10. Na2 Be7 11. Qxb7 Rb8 12. Qxc6 Rb6 13. Qb5 Rxb5 14.
axb5 O-O 15. Bd2 Ne4 16. Nc3 Nxd2 17. Nxd2 Bb4 18. Nb3 Nb6 19. Be2 Bxc3 20.
bxc3 a4 21. Nc5 Qa8 22. c4 Rc8 23. Rfc1 Qa5 24. Na6 Qd2 25. c5 Nd5 26. Bf3
Nc3 27. b6 Be4 28. Bxe4 Ne2+ 29. Kh1 Nxc1 30. h3 Nd3 31. b7 Nxf2+ 32. Kh2
Rd8 33. c6 Qxe3 34. c7 Qf4+ 35. g3 Qxc7 36. Nxc7 Nxe4 37. Na6 Nc3 38. b8=Q
Rxb8 39. Nxb8 g6 40. Nd7 Kg7 41. Nc5 Ne2 42. Rxa4 h5 43. Kg2 Nc3 44. Rc4
Nd5 45. Kf3 Kf6 46. Nd3 g5 47. Ne5 Ke7 48. Ra4 f6 49. Ra7+ Kd6 50. Nc4+ Kc6
51. Rh7 Kb5 52. Ne3 Nxe3 53. Kxe3 g4 54. hxg4 hxg4 55. Re7 e5 56. dxe5 fxe5
57. Rxe5+ Kc6 58. Rf5 Kd6 59. Kf4 Ke6 60. Kxg4 Ke7 61. Kg5 Ke6 62. Kg6 Ke7
63. Rf6 Ke8 64. Rf7 Kd8 65. Kf6 Ke8 66. Ke6 Kd8 67. Re7 Kc8 68. Kd6 Kb8 69.
Rc7 Ka8 70. Kc6 Kb8 71. Kb6 Ka8 72. Rc8# { Black checkmated } 1-0

[Event "ICC tourney 2257 (45 10)"]
[Site "Internet Chess Club"]
[Date "2020.12.30"]
[Round "3"]
[White "shrek"]
[Black "krishghosh"]
[Result "1-0"]
[ICCResult "Black checkmated"]
[WhiteElo "1462"]
[BlackElo "1520"]
[Opening "Nimzovich-Larsen attack: modern variation"]
[ECO "A01"]
[NIC "VO.08"]
[Time "16:01:34"]
[PlyCount "109"]
[TimeControl "2700+10"]

1. b3 e5 2. Bb2 Nc6 3. e3 Nf6 4. Bb5 d6 5. Ne2 Bd7 6. d4 exd4 7. Nxd4 Nxd4
8. Bxd7+ Qxd7 9. Bxd4 Be7 10. Qf3 c6 11. Nd2 O-O 12. O-O-O d5 13. Bb2 a5
14. e4 Qc7 15. e5 Nd7 16. Rhe1 a4 17. Qg3 axb3 18. axb3 Ba3 19. Qc3 Qa5 20.
Qxa5 Bxb2+ 21. Kxb2 Rxa5 22. f4 Rfa8 23. Ne4 Nb6 24. Nd6 Rb8 25. Ra1 Ra6
26. Rxa6 bxa6 27. Ra1 Ra8 28. Kc3 a5 29. Nb7 a4 30. bxa4 Rxa4 31. Rxa4
Nxa4+ 32. Kb3 Nb6 33. Nd6 Kf8 34. Kb4 Nd7 35. Nb7 Ke7 36. Nc5 Nxc5 37. Kxc5
Kd7 38. c4 Ke6 39. g4 h6 40. cxd5+ cxd5 41. Kd4 g6 42. h3 h5 43. Ke3 h4 44.
Kd4 f5 45. g5 Ke7 46. Kxd5 Kf7 47. Kd6 Kf8 48. Ke6 Kg7 49. Ke7 Kg8 50. Kf6
Kh7 51. Kf7 Kh8 52. e6 Kh7 53. e7 Kh8 54. e8=Q+ Kh7 55. Qg8# { Black
checkmated } 1-0

[Event "ICC tourney 2257 (45 10)"]
[Site "Internet Chess Club"]
[Date "2020.12.30"]
[Round "3"]
[White "KawordianKnight"]
[Black "iamvoltu"]
[Result "0-1"]
[ICCResult "White resigns"]
[WhiteElo "1553"]
[BlackElo "1600"]
[Opening "QGD Slav: 3.Nf3"]
[ECO "D11"]
[NIC "QO.17"]
[Time "16:02:22"]
[PlyCount "90"]
[TimeControl "2700+10"]

1. d4 c6 2. Nf3 d5 3. c4 Bf5 4. Nc3 e6 5. Bf4 Bd6 6. Bxd6 Qxd6 7. c5 Qd8 8.
e3 a5 9. Be2 b5 10. a3 Nd7 11. b4 Ngf6 12. O-O O-O 13. Nh4 Be4 14. f3 Ng4
15. fxg4 Qxh4 16. Nxe4 dxe4 17. Rf4 Nf6 18. g3 Qh6 19. h4 g5 20. hxg5 Qxg5
21. Qf1 Nd5 22. Rxe4 axb4 23. Re5 Qg7 24. Qh3 bxa3 25. Bd3 h6 26. Ra2 Nb4
27. Rh5 Nxd3 28. g5 Nc1 29. Rh2 Ne2+ 30. Kf2 Rfb8 31. Rxh6 Kf8 32. g6 Nc3
33. Qh4 Qf6+ 34. Qxf6 Ne4+ 35. Kf3 Nxf6 36. Rh8+ Ke7 37. g7 Ng8 38. Ra2 Kf6
39. Rxg8 Rxg8 40. Ke2 Rxg7 41. Kd3 Rxg3 42. Rf2+ Ke7 43. Ra2 Rg2 44. Rxg2
a2 45. Rxa2 Rxa2 { White resigns } 0-1

[Event "ICC tourney 2257 (45 10)"]
[Site "Internet Chess Club"]
[Date "2020.12.30"]
[Round "3"]
[White "edenhe"]
[Black "Fredzhang"]
[Result "1/2-1/2"]
[ICCResult "Game drawn by mutual agreement"]
[WhiteElo "1518"]
[BlackElo "1319"]
[Opening "QGD Slav: 5.e3 (Alekhine variation)"]
[ECO "D15"]
[NIC "SL.03"]
[Time "16:01:30"]
[PlyCount "204"]
[TimeControl "2700+10"]

1. d4 d5 2. c4 Nf6 3. Nf3 c6 4. Nc3 dxc4 5. e3 Bg4 6. Bxc4 e6 7. O-O Be7 8.
h3 Bh5 9. Bd2 O-O 10. Be2 Nbd7 11. Qb3 Qb6 12. Qc2 Bg6 13. Qc1 Bd6 14. Nh4
Be4 15. Nxe4 Nxe4 16. Bd3 Ndf6 17. Qc2 Nxd2 18. Qxd2 Qb4 19. Qc2 e5 20. a3
Qa5 21. b4 Qc7 22. dxe5 Bxe5 23. Rac1 Rfd8 24. Rfd1 Bd6 25. Nf3 Qe7 26. Bf5
a6 27. Rd4 h6 28. Rcd1 Bc7 29. Rxd8+ Rxd8 30. Rxd8+ Bxd8 31. Nd4 Nd5 32.
Qd3 Bb6 33. Kf1 Qf6 34. Ke2 g6 35. Be4 Bxd4 36. Qxd4 Qxd4 37. exd4 Nc3+ 38.
Kd3 Nb5 39. a4 Nd6 40. d5 cxd5 41. Bxd5 Kf8 42. Kd4 Ke7 43. Kc5 Kd7 44. Kb6
Kc8 45. a5 g5 46. g3 Kb8 47. f4 f6 48. h4 Kc8 49. Be6+ Kb8 50. fxg5 fxg5
51. hxg5 hxg5 52. Bg4 Nc4+ 53. Kc5 Ne5 54. Bf5 Kc7 55. Kd5 Nc6 56. Kc5 Ne7
57. Be4 Nc8 58. Bd3 g4 59. Bf5 Nd6 60. Bg6 Nc8 61. Kc4 b5+ 62. Kd4 Ne7 63.
Be4 Kd6 64. Kc3 Nd5+ 65. Kb3 Ke5 66. Bd3 Nf6 67. Kc2 Kd4 68. Be2 Nd5 69.
Kb3 Nf6 70. Bd1 Kd5 71. Be2 Kd4 72. Kc2 Ke4 73. Kd2 Kf5 74. Bd3+ Ke5 75.
Kc3 Nd5+ 76. Kb3 Nf6 77. Kc3 Nd5+ 78. Kb3 Nf6 79. Kc2 Nd5 80. Kb3 Nf6 81.
Kc2 Nd5 82. Kb3 Nf6 83. Kc2 Nd5 84. Kb3 Nf6 85. Kc2 Nd5 86. Kb3 Nf6 87. Kc2
Nd5 88. Kb3 Nf6 89. Kc2 Nd5 90. Kb3 Nf6 91. Kc2 Nd5 92. Kb3 Nf6 93. Kc2 Nd5
94. Kb3 Nf6 95. Kc2 Nd5 96. Kb3 Nf6 97. Kc2 Nd5 98. Kb3 Nf6 99. Kc2 Nd5
100. Kb3 Nf6 101. Kc2 Kd4 102. Be2 Ke5 { Game drawn by mutual agreement }
1/2-1/2

[Event "ICC tourney 2257 (45 10)"]
[Site "Internet Chess Club"]
[Date "2020.12.30"]
[Round "3"]
[White "GoIrish"]
[Black "fhunfi"]
[Result "1/2-1/2"]
[ICCResult "Game drawn by mutual agreement"]
[WhiteElo "1486"]
[BlackElo "1693"]
[Opening "Réti opening"]
[ECO "A04"]
[NIC "QP.11"]
[Time "16:01:36"]
[PlyCount "88"]
[TimeControl "2700+10"]

1. Nf3 e6 2. g3 f5 3. Bg2 Nf6 4. O-O g6 5. b3 Bg7 6. Bb2 O-O 7. c4 d6 8. d3
e5 9. Nbd2 Nc6 10. a3 a5 11. e3 Qe8 12. Re1 Nh5 13. Bc3 h6 14. b4 Be6 15.
b5 Nd8 16. Nb3 a4 17. Nc1 g5 18. Ne2 Qf7 19. Nd2 f4 20. exf4 gxf4 21. Rf1
Kh8 22. h3 Qd7 23. g4 Nf6 24. Nf3 Nh7 25. Nh4 Bf7 26. Be4 h5 27. Nf5 Bf6
28. f3 Ne6 29. Bxb7 Ra7 30. Bc6 Qd8 31. Nh6 Bg6 32. Be4 Bxe4 33. dxe4 Neg5
34. Kg2 Qe7 35. Nf5 Qe8 36. Be1 Qg6 37. Bf2 Raa8 38. Nc3 Rg8 39. Nxa4 hxg4
40. hxg4 Raf8 41. Nc3 Rf7 42. Nh4 Qg7 43. Nd5 Nxe4 44. Nf5 Qg5 { Game drawn
by mutual agreement } 1/2-1/2

[Event "ICC tourney 2257 (45 10)"]
[Site "Internet Chess Club"]
[Date "2020.12.30"]
[Round "4"]
[White "beibeiolivia"]
[Black "yav"]
[Result "1-0"]
[ICCResult "Black resigns"]
[WhiteElo "1264"]
[BlackElo "1335"]
[Opening "Sicilian: Alapin's variation (2.c3)"]
[ECO "B22"]
[NIC "SI.46"]
[Time "18:31:20"]
[PlyCount "53"]
[TimeControl "2700+10"]

1. e4 c5 2. c3 d5 3. exd5 Qxd5 4. d4 cxd4 5. cxd4 Nc6 6. Be3 Nf6 7. Nc3 Qa5
8. Nf3 e6 9. Bd3 Bb4 10. Bd2 O-O 11. O-O Rd8 12. a3 Bf8 13. Ne4 Qf5 14.
Nxf6+ Qxf6 15. Bg5 Qxf3 16. Qxf3 Nxd4 17. Qe4 f5 18. Qf4 Bd6 19. Qe3 f4 20.
Qxd4 Be7 21. Qxf4 Bxg5 22. Qxg5 Rxd3 23. Qe7 Bd7 24. Rfd1 Re8 25. Qb4 Rxd1+
26. Rxd1 Bc6 27. f3 { Black resigns } 1-0

[Event "ICC tourney 2257 (45 10)"]
[Site "Internet Chess Club"]
[Date "2020.12.30"]
[Round "4"]
[White "ElijahL2020"]
[Black "akshajp"]
[Result "0-1"]
[ICCResult "White resigns"]
[WhiteElo "1311"]
[BlackElo "1403"]
[Opening "Sicilian defense"]
[ECO "B44"]
[NIC "SI.39"]
[Time "18:31:24"]
[PlyCount "83"]
[TimeControl "2700+10"]

1. e4 c5 2. Nf3 Nc6 3. d4 cxd4 4. Nxd4 e6 5. Be3 Nf6 6. Nc3 Bb4 7. f3 Bxc3+
8. bxc3 O-O 9. Bd3 d5 10. exd5 Nxd5 11. Qd2 Nxe3 12. Qxe3 Qh4+ 13. Qf2
Qxf2+ 14. Kxf2 e5 15. Nxc6 bxc6 16. Rhe1 f6 17. Bc4+ Kh8 18. Re4 Bf5 19.
Re2 Rfb8 20. Bb3 a5 21. a4 Re8 22. g4 Be6 23. h4 c5 24. c4 Rab8 25. Rd2
Red8 26. Rxd8+ Rxd8 27. c3 Rb8 28. Ra3 Kg8 29. Ke3 Rd8 30. Ra2 Kf7 31. Rd2
Rxd2 32. Kxd2 Ke7 33. Kd3 Kd6 34. Ke4 g6 35. Ba2 f5+ 36. gxf5 Bxf5+ 37. Ke3
Bc2 38. f4 Bxa4 39. fxe5+ Kxe5 40. Bb1 Bb3 41. Kd2 Bxc4 42. Bc2 { White
resigns } 0-1

[Event "ICC tourney 2257 (45 10)"]
[Site "Internet Chess Club"]
[Date "2020.12.30"]
[Round "4"]
[White "bluntjackson"]
[Black "SeannDSpeyer"]
[Result "0-1"]
[ICCResult "White resigns"]
[WhiteElo "1473"]
[BlackElo "1279"]
[Opening "Queen's pawn"]
[ECO "A40"]
[NIC "QO.17"]
[Time "18:31:27"]
[PlyCount "52"]
[TimeControl "2700+10"]

1. d4 e6 2. Bf4 Nf6 3. e3 b6 4. Nf3 Bb7 5. c3 Ne4 6. Bd3 f5 7. Nbd2 Be7 8.
Rg1 d5 9. Ne5 Nd7 10. Qh5+ g6 11. Nxg6 Ndf6 12. Qh3 Rg8 13. Ne5 Ng5 14.
Bxg5 Rxg5 15. Bb5+ c6 16. Nxc6 Qc7 17. Nxe7+ Kxe7 18. Nf3 Rgg8 19. Ne5 a6
20. Be2 Rg7 21. g4 Rag8 22. Kd2 h5 23. f3 hxg4 24. fxg4 fxg4 25. Qh4 Rh7
26. Qg3 Ne4+ { White resigns } 0-1

[Event "ICC tourney 2257 (45 10)"]
[Site "Internet Chess Club"]
[Date "2020.12.30"]
[Round "4"]
[White "audreykeyanli"]
[Black "Davide25"]
[Result "1-0"]
[ICCResult "Black checkmated"]
[WhiteElo "1240"]
[BlackElo "1390"]
[Opening "Caro-Kann: exchange variation"]
[ECO "B13"]
[NIC "CK.02"]
[Time "18:32:12"]
[PlyCount "67"]
[TimeControl "2700+10"]

1. e4 c6 2. d4 d5 3. exd5 cxd5 4. Nc3 Nf6 5. Bf4 Nc6 6. Nb5 Qa5+ 7. c3 Rb8
8. Bc7 b6 9. Bxb8 Nxb8 10. b4 Qxb5 11. Bxb5+ Nbd7 12. Nf3 a6 13. Bxd7+ Bxd7
14. Ne5 e6 15. Nxd7 Nxd7 16. O-O Bd6 17. Qa4 a5 18. bxa5 bxa5 19. Rab1 Ke7
20. Rb7 Rd8 21. Qc6 Bf4 22. Rd1 Ke8 23. g3 Bh6 24. f4 g6 25. Re1 Bf8 26.
Qxd5 Be7 27. Qc6 a4 28. d5 exd5 29. Qd6 Kf8 30. Qxe7+ Kg7 31. Qxd8 Nf6 32.
Qe7 Kh6 33. Qxf6 Kh5 34. Qh4# { Black checkmated } 1-0

[Event "ICC tourney 2257 (45 10)"]
[Site "Internet Chess Club"]
[Date "2020.12.30"]
[Round "4"]
[White "DanSarnelli"]
[Black "ChessG2011"]
[Result "1-0"]
[ICCResult "Black resigns"]
[WhiteElo "1409"]
[BlackElo "1183"]
[Opening "Ruy Lopez: 5.O-O"]
[ECO "C78"]
[NIC "RL.12"]
[Time "18:31:22"]
[PlyCount "49"]
[TimeControl "2700+10"]

1. e4 e5 2. Nf3 Nc6 3. Bb5 a6 4. Ba4 Nf6 5. O-O b5 6. Bb3 Bc5 7. c3 d6 8.
d4 Bb6 9. Re1 O-O 10. Bg5 h6 11. Bh4 Bb7 12. dxe5 Nxe5 13. Nxe5 dxe5 14.
Qxd8 Raxd8 15. Bxf6 gxf6 16. Re2 Rd7 17. Nd2 Rfd8 18. Nf3 Re7 19. Nh4 Red7
20. Nf5 Kh7 21. h3 Kg6 22. Rae1 Bxe4 23. Nh4+ Kg5 24. Rxe4 f5 25. Nf3+ {
Black resigns } 1-0

[Event "ICC tourney 2257 (45 10)"]
[Site "Internet Chess Club"]
[Date "2020.12.30"]
[Round "4"]
[White "eliwilner"]
[Black "salamenceg"]
[Result "1-0"]
[ICCResult "Black checkmated"]
[WhiteElo "1333"]
[BlackElo "1080"]
[Opening "Scotch game"]
[ECO "C45"]
[NIC "SO.05"]
[Time "18:31:20"]
[PlyCount "67"]
[TimeControl "2700+10"]

1. e4 e5 2. Nf3 Nc6 3. d4 exd4 4. Nxd4 Bc5 5. Be3 Qf6 6. c3 Nge7 7. Bc4 d6
8. O-O Ne5 9. Be2 Qg6 10. Nd2 Bh3 11. Bf3 Bxd4 12. cxd4 Ng4 13. Bxg4 Bxg4
14. f3 Bd7 15. Rc1 c6 16. Nc4 b5 17. Nd2 f5 18. e5 dxe5 19. dxe5 O-O 20. f4
Rfe8 21. Nf3 Nd5 22. Re1 Red8 23. Nh4 Qf7 24. Qf3 Nxe3 25. Qxe3 Qxa2 26. e6
Re8 27. e7 Qxb2 28. Rcd1 Bc8 29. Rd8 Bb7 30. Qe6+ Kh8 31. Qf7 Rexd8 32.
e8=Q+ Rxe8 33. Rxe8+ Rxe8 34. Qxe8# { Black checkmated } 1-0

[Event "ICC tourney 2257 (45 10)"]
[Site "Internet Chess Club"]
[Date "2020.12.30"]
[Round "4"]
[White "IveDoneEnough"]
[Black "shrek"]
[Result "0-1"]
[ICCResult "White checkmated"]
[WhiteElo "1645"]
[BlackElo "1462"]
[Opening "Vienna gambit"]
[ECO "C30"]
[NIC "KG.05"]
[Time "18:31:26"]
[PlyCount "82"]
[TimeControl "2700+10"]

1. e4 e5 2. f4 Nc6 3. Nc3 d6 4. Bb5 Bd7 5. Nf3 Nge7 6. d4 exd4 7. Nxd4 Nxd4
8. Bxd7+ Qxd7 9. Qxd4 Nc6 10. Qe3 Nb4 11. Qe2 g6 12. a3 Nc6 13. O-O Bg7 14.
Nd5 O-O-O 15. c3 f5 16. exf5 Qxf5 17. Qc4 Rhe8 18. Nb4 Na5 19. Qd3 Qc5+ 20.
Kh1 Nb3 21. Rb1 Nxc1 22. Rbxc1 a5 23. Nc2 Qh5 24. b4 axb4 25. cxb4 Qe2 26.
Qb3 Qe6 27. Qa4 Kb8 28. b5 Qe4 29. Qb3 Bh6 30. b6 c5 31. Rce1 Qc6 32. a4 d5
33. a5 c4 34. Qh3 Bg7 35. Qxh7 Bc3 36. Rb1 Bxa5 37. Nd4 Qd6 38. Rb5 Bxb6
39. Rfb1 Rd7 40. Rxb6 Qxb6 41. Rxb6 Re1# { White checkmated } 0-1

[Event "ICC tourney 2257 (45 10)"]
[Site "Internet Chess Club"]
[Date "2020.12.30"]
[Round "4"]
[White "JonesGill"]
[Black "uhm44"]
[Result "0-1"]
[ICCResult "White resigns"]
[WhiteElo "1228"]
[BlackElo "1472"]
[Opening "Caro-Kann: two knights variation"]
[ECO "B10"]
[NIC "CK.01"]
[Time "18:31:27"]
[PlyCount "56"]
[TimeControl "2700+10"]

1. e4 c6 2. Nf3 d5 3. Nc3 dxe4 4. Nxe4 Bf5 5. Ng3 Bg6 6. h4 h6 7. Ne5 Bh7
8. Qh5 g6 9. Bc4 e6 10. Qe2 Qe7 11. d4 Nd7 12. Bf4 Ngf6 13. O-O-O Nb6 14.
Rd2 Nfd5 15. Be3 O-O-O 16. a3 f5 17. Bxd5 exd5 18. Nf1 Bg7 19. Bf4 g5 20.
hxg5 hxg5 21. Bh2 f4 22. f3 Rde8 23. Bg1 Nc4 24. Nxc4 Qxe2 25. Rxe2 Rxe2
26. Nd6+ Kc7 27. Kd1 Rxg2 28. Nf7 Bxc2+ { White resigns } 0-1

[Event "ICC tourney 2257 (45 10)"]
[Site "Internet Chess Club"]
[Date "2020.12.30"]
[Round "4"]
[White "fromdaus214"]
[Black "RishiMurali"]
[Result "1-0"]
[ICCResult "Black resigns"]
[WhiteElo "1464"]
[BlackElo "1664"]
[Opening "Sicilian"]
[ECO "B54"]
[NIC "SI.01"]
[Time "18:32:12"]
[PlyCount "101"]
[TimeControl "2700+10"]

1. e4 c5 2. Nf3 d6 3. d4 cxd4 4. Nxd4 Nc6 5. Nc3 e5 6. Nb3 Nf6 7. Bg5 Be7
8. Bc4 h6 9. Bh4 O-O 10. O-O Nxe4 11. Nxe4 Bxh4 12. Nxd6 Nd4 13. Nxd4 Qxd6
14. Nf3 Qxd1 15. Raxd1 Bf6 16. Rfe1 Bg4 17. Re3 Bg5 18. Rxe5 Bxf3 19. gxf3
a6 20. c3 Rfd8 21. Red5 Rxd5 22. Bxd5 Rd8 23. c4 b5 24. Re1 bxc4 25. Bxc4
a5 26. b3 Rd2 27. a3 Ra2 28. a4 Kf8 29. Kg2 f5 30. Re5 f4 31. Rxa5 Bh4 32.
Rf5+ Ke8 33. Rxf4 Rxf2+ 34. Kh3 g5 35. Re4+ Kf8 36. Re3 Kg7 37. a5 Kf6 38.
a6 Kf5 39. a7 h5 40. a8=Q g4+ 41. fxg4+ hxg4+ 42. Kxh4 Rxh2+ 43. Kg3 Rh3+
44. Kf2 Rh2+ 45. Kg1 g3 46. Rxg3 Rh1+ 47. Kxh1 Kf4 48. Qf3+ Ke5 49. Rg5+
Kd6 50. Qf6+ Kd7 51. Rg7+ { Black resigns } 1-0

[Event "ICC tourney 2257 (45 10)"]
[Site "Internet Chess Club"]
[Date "2020.12.30"]
[Round "4"]
[White "smartgoldfish"]
[Black "edwinthomas"]
[Result "1-0"]
[ICCResult "Black resigns"]
[WhiteElo "1181"]
[BlackElo "1526"]
[Opening "Scotch gambit"]
[ECO "C44"]
[NIC "SO.06"]
[Time "18:31:23"]
[PlyCount "73"]
[TimeControl "2700+10"]

1. e4 e5 2. Nf3 Nc6 3. d4 exd4 4. Bc4 Na5 5. Qxd4 Nxc4 6. Qxc4 d6 7. O-O
Be6 8. Qb5+ Bd7 9. Qxb7 Be7 10. Qb3 Nf6 11. Qd3 O-O 12. Nc3 c6 13. Bg5 Qc7
14. Rad1 h6 15. Bxf6 Bxf6 16. e5 Bd8 17. exd6 Qb7 18. b3 Bf6 19. Ne4 Bd8
20. Nc5 Qc8 21. Nxd7 Qxd7 22. Ne5 Qb7 23. d7 Bf6 24. Rfe1 Bxe5 25. Rxe5
Rad8 26. Re7 Qc7 27. Rde1 a5 28. Qf5 Qd6 29. g3 Qg6 30. Qxa5 Qf6 31. Qc7 g6
32. Re8 Kg7 33. R1e7 Rfxe8 34. Rxe8 Rxd7 35. Qxd7 Qa1+ 36. Kg2 Qxa2 37.
Qd4+ { Black resigns } 1-0